bob, chaotic male orcish Barbarian ----- ----------- --------------- |...| #..........| |.............| |...| ###|.........| |.......{.....| |...|#####|.........| |.............+o |)_..### -.--------- |.............|d## |...|# ######## .<............| f -.---# # -----------.--- ############ ### ###### ### # # # ---------.- ## ###### |.........| --.-- -----.--------- |.........| |...| #..............| |.........| |...-####|.............| |..`.^....| |{..| |.............| |.........| ----- --------------- ----------- bob the Pillager Experience level: 3 Strength: 18/02 Dexterity: 14 Constitution: 18 Intelligence: 7 Wisdom: 9 Charisma: 7 Health: 0(32) Energy: 5(5) Def: 2 Gold: 995 Moves: 983 Dungeon seed: CFCrgty6vne_-YXN Game ID: bob_1530366938 Your Inventory: Coins $ - 995 gold pieces Amulets k - an uncursed amulet of magical breathing (being worn) Weapons a - a blessed +0 battle-axe (weapon in hands) b - a +0 orcish short sword (alternate weapon; not wielded) Armor e - an uncursed +0 orcish ring mail (being worn) Comestibles c - 5 uncursed food rations d - an uncursed tripe ration q - an uncursed slime mold Scrolls f - a blessed scroll of amnesia i - an uncursed scroll of fire j - an uncursed scroll of teleportation m - an uncursed scroll of destroy armor n - a blessed scroll of light t - a cursed scroll of teleportation Potions g - an uncursed potion of water p - a cursed potion of hallucination r - an uncursed potion of extra healing Wands h - a blessed wand of digging (0:6) l - a wand of undead turning (0:7) Spells and supernatural/magical abilities: Name Level Category Fail Memory W - pray for help -- divine ? -- Your skills at the end: Fighting Skills bare handed combat [Basic] Weapon Skills axe [Basic] short sword [Basic] Spellcasting Skills Final Attributes: You were piously aligned. You were poison resistant. You had infravision. You could survive without air. You were lucky. You are dead. Vanquished creatures: a kitten a kobold shaman a rabid rat a large kobold a hobgoblin a brown mold 7 sewer rats 4 grid bugs a newt 18 creatures vanquished. Voluntary challenges: You followed a strict vegan diet. You used a wielded weapon 17 times, starting on turn 2. You were illiterate. You never genocided any monsters. You never polymorphed an object. You never changed form. You used no wishes. You never split a pudding. You never wrote Elbereth's name. You never violated your personal moral code. Dungeon overview: The Dungeons of Doom: levels 1 to 7 Level 1 a fountain a long staircase Level 2 a fountain Level 3 Level 4 Level 5 Level 6 Level 7 <- You were here an altar to Crom, some fountains History has recorded: On T:1 you entered the Dungeons of Doom to retrieve the Amulet of Yendor! On T:97 you reached level 2 of The Dungeons of Doom. On T:150 you reached level 3 of The Dungeons of Doom. On T:196 you reached level 4 of The Dungeons of Doom. On T:378 you reached level 5 of The Dungeons of Doom. On T:538 you reached level 6 of The Dungeons of Doom. On T:652 you advanced to experience level 2. On T:767 you reached level 7 of The Dungeons of Doom. On T:831 you advanced to experience level 3. Score breakdown: Gold: 995 (10199 points) Experience: 3 levels ( 7878 points) Exploration: 7 levels ( 14.00%) (10497 points) Discoveries: 1 item ( 0.41%) ( 1912 points) Valuables value: (no points given unless you survive) Artifact value: 0 ( 0 points) Variety of kills: 9 monsters ( 2.36%) ( 4610 points) Turncount: 983 turns ( 0 points) Survival: died (score multiplied by 80%) Total score: 28076 Latest messages: c - 2 uncursed food rations. The housecat bites! The housecat devours an uncursed tripe ration. You hear the footsteps of a guard on patrol. One of your legs feels somewhat better. You displace Idefix. Your leg feels somewhat better. You hear the footsteps of a guard on patrol. You hear some noises. You hear some noises in the distance. You hear some noises. You hear some noises in the distance. This door is locked. That door is closed. (2x) Never mind. You kick the door. KABOOM!! The door was booby-trapped! You die... Final status: Goodbye bob the Barbarian, killed by an explosion... You died in The Dungeons of Doom on dungeon level 7 with 28076 points, and 995 pieces of gold, after 983 moves. You were level 3 with a maximum of 32 hit points when you died.